 Dungeon Crawl Stone Soup version 0.31.0-32-g396128a36d (webtiles) character file.

Game seed: 16006682655385097384

137 PriceMaster the Firebug (level 5, -21/31 HPs)
             Began as an Octopode Fire Elementalist on Mar 26, 2024.
             Killed by an exploding ball python (41 damage)
             ... ignited by their inner flame
             ... on level 3 of the Dungeon on Apr 22, 2024.
             The game lasted 00:02:43 (2446 turns).

PriceMaster the Firebug (OpFE)                      Turns: 2446, Time: 00:02:45

Health: -21/31     AC:  1    Str:  8    XL:     5   Next: 20%
Magic:  1/9        EV: 13    Int: 19    God:
Gold:   112        SH:  0    Dex: 12    Spells: 0/9 levels left

rFire   . . .        e - +1 dagger (venom)
rCold   . . .        (no shield)
rNeg    . . .        (helmet restricted)
rPois   .            (no amulet)
rElec   .            d - ring of flight
rCorr   .            (no ring)
SInv    .            (no ring)
Will    .....        (no ring)
Stlth   +++          (no ring)
HPRegen 0.25/turn    (no ring)
MPRegen 0.11/turn    (no ring)
                     (no ring)

%: no passive effects
@: flying, very slightly contaminated
A: almost no armour, amphibious, 8 rings, camouflage 1, gelatinous body 1,
(nimble swimmer 1), tentacles
a: no special abilities


You were on level 3 of the Dungeon.
You visited 1 branch of the dungeon, and saw 3 of its levels.

You collected 112 gold pieces.

Inventory:

Hand Weapons
 e - a +1 dagger of venom (weapon)
Jewellery
 d - a ring of flight (left tentacle)
 k - a ring of see invisible
Wands
 l - a wand of charming (11)
Scrolls
 h - 2 scrolls of identify {unknown}
 i - a scroll of enchant armour {unknown}
 j - a scroll of butterflies {unknown}
Potions
 a - a potion of magic
 b - a potion of curing {unknown}
 c - 2 potions of resistance {unknown}
 f - a potion of ambrosia {unknown}
 g - 2 potions of berserk rage {unknown}


   Skills:
 + Level 0.1 Fighting
 + Level 2.3 Dodging
 + Level 3.6 Stealth
 + Level 2.9 Spellcasting
 + Level 2.1 Conjurations
 + Level 4.2 Fire Magic


You couldn't memorise any spells.
You knew the following spells:

 Your Spells              Type           Power      Damage    Failure   Level
a - Foxfire               Conj/Fire      56%        2x1d6     4%          1
b - Scorch                Fire           36%        2d6       4%          2
c - Hailstorm             Conj/Ice       6%         3d5       30%         3
d - Inner Flame           Hex/Fire       10%        N/A       19%         3

Your spell library contained the following spells:

 Spells                   Type           Power      Damage    Failure   Level
 Volatile Blastmotes      Fire/Tloc      20%        2d11      19%         3
 Flame Wave               Conj/Fire      14%        2d6       38%         4
 Summon Ice Beast         Ice/Summ       2%         N/A       43%         3
 Sculpt Simulacrum        Ice/Alch       1%         N/A       100%        6


Dungeon Overview and Level Annotations

Branches:
Dungeon (3/15)

Altars:
Uskayaw


Innate Abilities, Weirdness & Mutations

You cannot wear most types of armour.
You are amphibious.
You can wear up to eight rings at the same time.
Your skin changes colour to match your surroundings (Stealth+).
Your rubbery body absorbs attacks. (AC +1, EV +1)
((You are camouflaged when in or above water. (Stealth+)))
You have tentacles for arms and can constrict up to eight enemies at once.


Message History

Casting: Foxfire (safe; 4% risk of failure)
Confirm with . or Enter, or press ? or * to list all spells.
Okay, then.
Casting: Inner Flame (quite dangerous; 19% risk of failure)
Confirm with . or Enter, or press ? or * to list all spells.
Aiming: Inner Flame (quite dangerous; 19% risk of failure)
Press: ? - help, Dir - move target, f - ball python
Aim: a ball python (asleep, chance to affect: 76%)
The ball python hisses angrily.
The ball python is filled with an inner flame.
An endoplasm comes into view.
Casting: Inner Flame (quite dangerous; 19% risk of failure)
Confirm with . or Enter, or press ? or * to list all spells.
Aiming: Inner Flame (quite dangerous; 19% risk of failure)
Press: ? - help, Dir - move target, f - endoplasm, p - ball python
Aim: an endoplasm (wandering, hasn't noticed you, chance to affect: 76%)
The endoplasm quivers.
The endoplasm barely resists.
Unknown command.
Found a scroll labelled GIHUWEXZAGG.
Casting: Inner Flame (quite dangerous; 19% risk of failure)
Confirm with . or Enter, or press ? or * to list all spells.
Casting: Hailstorm (quite dangerous; 30% risk of failure)
Press: ? - help, Dir - look around, f - activate You miscast Hailstorm.
You are very lightly contaminated with residual magic.
Energy rips through your body!
Unknown command.
The ball python attacks as it pursues you!
The ball python bites you. The ball python barely misses you.
The ball python attacks as it pursues you!
The ball python barely misses you. The ball python grabs you.
The ball python constricts you.
You closely miss the ball python. You grab the ball python.
You constrict the ball python.
Flame seeps out of the ball python.
The ball python is engulfed in blazing flames.
The ball python explodes!
The fiery explosion engulfs you!!!
Ouch! That really hurt!
You die...

.. .. .. ##. ..
#.#####
#.####.#§#<###
.......@○§...#
.........§.J...♣
#.####.#.#.#......
###.#.#.#...>
......#....
##.#...# ♣..
#.###.# .. #.# .#


You could see an endoplasm.

Vanquished Creatures
  An ogre (D:2)
  An adder (D:2)
  A ribbon worm (D:2)
  A dart slug (D:2)
  5 ball pythons
  7 bats
  3 endoplasms
  4 giant cockroaches (D:1)
  2 goblins
  5 hobgoblins
  2 quokkas (D:2)
  A frilled lizard (D:1)
  2 kobolds (D:2)
  5 rats
40 creatures vanquished.

Vanquished Creatures (others)
  162 foxfires
162 creatures vanquished.

Grand Total: 202 creatures vanquished

Notes
Turn   | Place    | Note
-------+----------+-------------------------------------------
     0 | D:1      | PriceMaster the Octopode Fire Elementalist began the quest
                  | for the Orb.
     0 | D:1      | Reached XP level 1. HP: 11/11 MP: 3/3
   454 | D:1      | Reached XP level 2. HP: 17/17 MP: 1/5
  1087 | D:1      | Learned a level 2 spell: Scorch
  1513 | D:2      | Reached XP level 3. HP: 21/21 MP: 3/6
  1699 | D:2      | Found a hide-covered altar of Uskayaw.
  2171 | D:2      | Noticed an ogre
  2183 | D:2      | Killed an ogre
  2184 | D:2      | Reached skill level 4 in Fire Magic
  2184 | D:2      | Reached XP level 4. HP: 27/27 MP: 0/8
  2184 | D:2      | Reached XP level 5. HP: 31/31 MP: 0/9
  2286 | D:2      | Learned a level 3 spell: Hailstorm
  2290 | D:2      | Learned a level 3 spell: Inner Flame
  2446 | D:3      | Killed by an exploding ball python... ignited by their
                  | inner flame

Illustrated notes

Levels and vault maps discovered:
D:1:      lemuel_arrival_tunnels, layout_basic
D:2:      layout_basic, basic_altar, amethyst_killhole, serial_park_tiny_pond
D:3:      cheibrodos_old_hovel, layout_basic, grunt_ministairs_2

Skill      XL: |  1  2  3 |
---------------+----------+-----
Stealth        | 3 |  3.6
Conjurations   | 2 |  2.1
Fire Magic     | 4 |  4.2
Fighting       | |  0.1
Dodging        | |  2.3
Spellcasting   | |  2.9

Action                     |  1- 3 |  4- 6 || total
---------------------------+-------+-------++-------
  Melee: Unarmed           |     9 |       ||     9
         Constrict         |     3 |     2 ||     5
         Dagger            |     6 |     4 ||    10
         Tentacles         |     2 |       ||     2
   Cast: Foxfire           |    92 |     2 ||    94
         Scorch            |     3 |       ||     3
         Inner Flame       |       |     2 ||     2
   Stab: Sleeping          |     1 |       ||     1
 Armour: Skin              |    16 |     5 ||    21
  Dodge: Dodged            |    17 |     2 ||    19
